Wolfes vs Mulligans (R1)

Created - December 27, 2020 at 19:01

Goals
1 2 3 T
Wolfes 4 4 1 9
Mulligans 3 0 0 3
Shots
1 2 3 T
Wolfes 11 16 9 36
Mulligans 10 5 13 28

1st period

1. Mulligans , Logan Shaw 13 (Anton Lander 24) at 2:39 (PP)
2. Mulligans , Maxime Macenauer 9 (Valeri Nichushkin 10, Brandon Carlo 9) at 3:32
3. Wolfes , Blake Pietila 17 (Martin Hanzal 18, Jeffrey Foss 14) at 7:53
4. Wolfes , Max Friberg 23 (Kyle Rau 15) at 10:48 (PP)
5. Wolfes , Kyle Rau 15 (Max Friberg 14, Jamie Oleksiak 20) at 11:26 (PP)
6. Mulligans , Reid Boucher 4 (Anton Lander 25, Conor Garland 7) at 16:17
7. Wolfes , Martin Hanzal 9 (Benn Ferriero 5) at 18:42

Penalties :
Nolan Vesey (RIM) for Interference (Minor) at 2:27, Jamie Oleksiak (RIM) for Cross-checking (Minor) at 8:22, Conor Garland (Rep) for Boarding (Major) at 10:37

2nd period

8. Wolfes , Damon Severson 7 (Jamie Oleksiak 21) at 1:39
9. Wolfes , Kyle Rau 16 (Max Friberg 15) at 2:24
10. Wolfes , Martin Hanzal 10 (Alexandre Grenier 19) at 3:55
11. Wolfes , Blake Pietila 18 (Jamie Oleksiak 22, Martin Hanzal 19) at 14:41 (PP)

Penalties :
Lawson Crouse (RIM) for Hooking (Minor) at 5:15, Dalton Thrower (Rep) for Roughing (Minor) at 10:09, Robbie Russo (Rep) for Charging (Minor) at 14:32, Logan Shaw (Rep) for Holding (Minor) at 14:58

3rd period

12. Wolfes , Blake Pietila 19 (Alexandre Grenier 20, Martin Hanzal 20) at 9:24

Penalties :
Jamie Oleksiak (RIM) for Roughing (Minor) at 0:07, Joonas Donskoi (Rep) for Holding (Minor) at 3:29

Goalie Stats

Laurent Brossoit (RIM), 25 saves from 28 shots - (0.893), W, 14-7-2, 60:00 minutes
Calvin Pickard (Rep), 15 saves from 20 shots - (0.750), L, 8-16-0, 32:15 minutes
Juuse Saros (Rep), 12 saves from 16 shots - (0.750), 27:45 minutes

Players Stats for Wolfes

Player Name              G  A  P  +/- PIM S  H  SB GA TA FO     MP     PP MP  PK MP  
------------------------------------------------------------------------------------
Alexandre Grenier        0  2  2   4  0   3  4  0  1  2  1/3    22:14   5:21   3:22 
Anton Karlsson           0  0  0   0  0   0  0  0  0  0  0/0     1:30   0:00   1:30 
Anton Lindholm           0  0  0   3  0   0  0  1  0  2  0/0    13:00   0:00   1:59 
Benn Ferriero            0  1  1   0  0   0  0  0  0  1  0/0    10:23   0:00   0:00 
Blake Pietila            3  0  3   4  0   6  0  0  1  0  2/3    20:04   5:17   1:52 
Cameron Darcy            0  0  0   0  0   0  0  0  0  0  0/0     1:08   0:48   0:00 
Damon Severson           1  0  1   2  0   4  2  0  2  0  0/0    25:08   6:10   3:39 
Eric Robinson            0  0  0   0  0   1  1  0  0  0  0/0     8:43   0:30   0:13 
Fredrik Olofsson         0  0  0   0  0   0  0  0  0  0  0/0     0:00   0:00   0:00 
Jakub Zboril             0  0  0   0  0   0  0  0  0  0  0/0     5:14   0:42   0:33 
Jamie Oleksiak           0  3  3   1  4   2  2  0  1  1  0/0    25:43   6:10   1:18 
Jeffrey Foss             0  1  1   0  0   1  0  0  0  0  0/0    19:25   4:13   2:19 
Joe Morrow               0  0  0   2  0   1  0  1  0  1  0/0    12:22   0:42   0:11 
Kevin Stenlund           0  0  0   0  0   0  0  0  0  0  0/0     0:00   0:00   0:00 
Kyle Rau                 2  1  3   0  0   3  2  0  2  1  6/11   15:02   4:49   0:00 
Lawson Crouse            0  0  0   0  2   0  4  0  0  0  0/0    16:24   4:42   0:35 
Martin Hanzal            2  3  5   4  0   5  3  1  0  0  14/28  22:19   5:21   3:11 
Matthew Highmore         0  0  0   0  0   1  1  1  0  0  0/1     8:00   0:00   0:00 
Max Friberg              1  2  3   0  0   3  2  0  1  0  1/2    16:34   4:43   1:35 
Michael Stone            0  0  0   0  0   1  0  0  0  1  0/0    19:25   4:13   2:19 
Nolan Vesey              0  0  0   0  2   0  1  0  0  0  0/0    10:22   0:00   0:00 
Sebastian Aho            0  0  0   0  0   2  0  0  1  0  0/3    10:23   0:00   0:00 
Thomas Spelling          0  0  0   0  0   3  0  1  0  0  0/0     9:11   0:51   0:00 
Vaclav Karabacek         0  0  0   0  0   0  0  0  0  0  0/0     0:00   0:00   0:00 
Victor Olofsson          0  0  0   0  0   0  0  0  0  0  0/0     1:13   0:53   0:00 

Players Stats for Mulligans

Player Name              G  A  P  +/- PIM S  H  SB GA TA FO     MP     PP MP  PK MP  
------------------------------------------------------------------------------------
Anton Lander             0  2  2   0  0   5  1  0  1  1  17/31  23:11   3:29   5:32 
Ben Hutton               0  0  0  -1  0   0  1  2  0  0  0/0    27:43   3:53   5:46 
Brandon Carlo            0  1  1   1  0   2  0  1  0  2  0/0    25:45   3:53   5:39 
Brett Seney              0  0  0  -3  0   1  0  0  0  0  0/0     9:36   0:00   0:46 
Christian Wolanin        0  0  0   0  0   0  1  1  0  0  0/0     8:25   2:16   1:15 
Conor Garland            0  1  1  -2  5   0  0  0  0  0  0/0     9:28   0:00   0:00 
Dalton Thrower           0  0  0  -2  2   1  2  0  0  2  0/0    16:40   0:00   3:52 
Darren Dietz             0  0  0  -2  0   2  0  0  0  0  0/0    20:44   2:16   4:39 
Ilya Lyubushkin          0  0  0  -2  0   1  1  0  1  0  0/0    11:11   0:00   0:59 
Jonny Brodzinski         0  0  0  -3  0   0  0  1  0  0  1/1     9:47   0:00   0:59 
Joonas Donskoi           0  0  0   0  2   0  2  1  2  0  1/1    11:03   2:40   0:00 
Logan Shaw               1  0  1  -1  2   7  5  1  4  0  1/1    21:17   3:29   4:20 
Maxime Macenauer         1  0  1  -1  0   2  1  0  0  2  2/8    17:34   2:40   3:31 
Reid Boucher             1  0  1   1  0   2  1  0  0  0  0/0    12:10   0:00   3:03 
Robbie Russo             0  0  0  -2  2   0  0  0  0  0  0/0     9:32   0:00   0:00 
Robby Fabbri             0  0  0   0  0   1  1  0  0  0  3/5     8:23   0:00   0:00 
Sam Bennett              0  0  0  -1  0   1  1  0  0  0  0/0    14:03   2:40   0:00 
Sven Baertschi           0  0  0  -1  0   3  0  0  1  1  2/4    20:56   3:29   3:59 
Valeri Nichushkin        0  1  1  -1  0   0  2  0  0  1  0/0    11:22   0:00   0:00 

3 Stars

1 - Martin Hanzal (RIM)
2 - Blake Pietila (RIM)
3 - Kyle Rau (RIM)

Power Play

Wolfes - 3 on 7 Attempt(s) - 42.86%
Mulligans - 1 on 4 Attempt(s) - 25.00%

Penalty Kill

Wolfes - 3 on 4 Attempt(s) - 75.00% - Score 0 goal in Penalty Kill
Mulligans - 4 on 7 Attempt(s) - 57.14% - Score 0 goal in Penalty Kill

Team Stat

Wolfes - Hits : 22 - Faceoff Wins : 24 - Blocked Shots : 5 - Penalty Minutes : 8
Mulligans - Hits : 19 - Faceoff Wins : 27 - Blocked Shots : 7 - Penalty Minutes : 13

Official

Referees : Unknown
Linesman : Unknown

Game Notes

Juuse Saros enters game at 1:39 of 2nd period
Blake Pietila has scored a Hat Trick!
Calvin Pickard enters game at 9:24 of 3rd period

Finance

Level 1 -- Attendance: 1899 (94.95%) -- Ticket Income $36,081
Level 2 -- Attendance: 1000 (100.00%) -- Ticket Income $9,000
Total Attendance: 2899 (96.63%)
Total Ticket Income: $45,081
Other Income: $2,254
Total Income: $47,335

Wolfes

5 vs 5 Forward 
   Center                   Left Wing                Right Wing               Time % Phy DF OF 
 1 Martin Hanzal            Blake Pietila            Alexandre Grenier        40     1   2  2  
 2 Kyle Rau                 Lawson Crouse            Max Friberg              30     1   2  2  
 3 Sebastian Aho            Nolan Vesey              Benn Ferriero            20     1   2  2  
 4 Matthew Highmore         Eric Robinson            Thomas Spelling          10     1   2  2  

5 vs 5 Defense 
   Defense                  Defense                                           Time % Phy DF OF 
 1 Jamie Oleksiak           Damon Severson                                    40     1   2  2  
 2 Michael Stone            Jeffrey Foss                                      30     1   2  2  
 3 Joe Morrow               Anton Lindholm                                    20     1   2  2  
 4 Jakub Zboril             Jamie Oleksiak                                    10     1   2  2  

PowerPlay Forward 
   Center                   Left Wing                Right Wing               Time % Phy DF OF 
 1 Martin Hanzal            Blake Pietila            Alexandre Grenier        60     1   2  2  
 2 Kyle Rau                 Lawson Crouse            Max Friberg              40     1   2  2  

PowerPlay Defense
   Defense                  Defense                                           Time % Phy DF OF 
 1 Jamie Oleksiak           Damon Severson                                    60     1   2  2  
 2 Michael Stone            Jeffrey Foss                                      40     1   2  2  

Penalty Kill 4 Players Forward 
   Center                   Wing                     Time % Phy DF OF 
 1 Martin Hanzal            Alexandre Grenier        60     1   2  2  
 2 Blake Pietila            Max Friberg              40     1   2  2  

Penalty Kill 4 Players Defense
   Defense                  Defense                  Time % Phy DF OF 
 1 Jamie Oleksiak           Damon Severson           60     1   2  2  
 2 Michael Stone            Jeffrey Foss             40     1   2  2  

Penalty Kill - 3 Players Forward 
   Forward                                           Time % Phy DF OF 
 1 Martin Hanzal                                     60     1   2  2  
 2 Alexandre Grenier                                 40     1   2  2  

Penalty Kill - 3 Players Defense
   Defense                  Defense                  Time % Phy DF OF 
 1 Jamie Oleksiak           Damon Severson           60     1   2  2  
 2 Michael Stone            Jeffrey Foss             40     1   2  2  

4 vs 4 Forward 
   Center                   Wing                     Time % Phy DF OF 
 1 Martin Hanzal            Alexandre Grenier        60     1   2  2  
 2 Blake Pietila            Max Friberg              40     1   2  2  

4 vs 4 Defense
   Defense                  Defense                  Time % Phy DF OF 
 1 Jamie Oleksiak           Damon Severson           60     1   2  2  
 2 Michael Stone            Jeffrey Foss             40     1   2  2  

Last Minutes Offensive
   Center                   Left Wing                Right Wing               Defense                  Defense                  
   Martin Hanzal            Blake Pietila            Alexandre Grenier        Jamie Oleksiak           Damon Severson           

Last Minutes Defensive
   Center                   Left Wing                Right Wing               Defense                  Defense                  
   Martin Hanzal            Blake Pietila            Alexandre Grenier        Jamie Oleksiak           Damon Severson           

Goaltenders
Starting : Laurent Brossoit         
Backup : Ebbe Siönäs              

Extra Forwards
Normal : Victor Olofsson, Cameron Darcy, Anton Karlsson - PP : Victor Olofsson, Cameron Darcy - PK : Anton Karlsson
Extra Defensemen
Normal : Joe Morrow, Anton Lindholm, Jakub Zboril - PP : Joe Morrow - PK : Anton Lindholm, Jakub Zboril
Penalty Shots
Martin Hanzal, Alexandre Grenier, Blake Pietila, Max Friberg, Kyle Rau

Scratches
Zachary Senyshyn (Healthy), Louis Belpedio (Healthy), Kyle Pettit (Healthy), Dylan Sadowy (Healthy)

Mulligans

5 vs 5 Forward 
   Center                   Left Wing                Right Wing               Time % Phy DF OF 
 1 Anton Lander             Sven Baertschi           Logan Shaw               40     0   2  3  
 2 Maxime Macenauer         Sam Bennett              Valeri Nichushkin        30     0   2  3  
 3 Robby Fabbri             Reid Boucher             Joonas Donskoi           20     0   2  3  
 4 Jonny Brodzinski         Brett Seney              Conor Garland            10     1   2  2  

5 vs 5 Defense 
   Defense                  Defense                                           Time % Phy DF OF 
 1 Ben Hutton               Brandon Carlo                                     40     1   3  1  
 2 Darren Dietz             Dalton Thrower                                    30     1   3  1  
 3 Ilya Lyubushkin          Robbie Russo                                      20     1   3  1  
 4 Christian Wolanin        Ben Hutton                                        10     1   2  2  

PowerPlay Forward 
   Center                   Left Wing                Right Wing               Time % Phy DF OF 
 1 Anton Lander             Sven Baertschi           Logan Shaw               60     0   1  4  
 2 Maxime Macenauer         Sam Bennett              Joonas Donskoi           40     0   1  4  

PowerPlay Defense
   Defense                  Defense                                           Time % Phy DF OF 
 1 Ben Hutton               Brandon Carlo                                     60     0   2  3  
 2 Darren Dietz             Christian Wolanin                                 40     0   2  3  

Penalty Kill 4 Players Forward 
   Center                   Wing                     Time % Phy DF OF 
 1 Anton Lander             Logan Shaw               60     1   2  2  
 2 Maxime Macenauer         Sven Baertschi           40     1   2  2  

Penalty Kill 4 Players Defense
   Defense                  Defense                  Time % Phy DF OF 
 1 Ben Hutton               Brandon Carlo            60     1   2  2  
 2 Darren Dietz             Dalton Thrower           40     1   2  2  

Penalty Kill - 3 Players Forward 
   Forward                                           Time % Phy DF OF 
 1 Anton Lander                                      60     1   2  2  
 2 Logan Shaw                                        40     1   2  2  

Penalty Kill - 3 Players Defense
   Defense                  Defense                  Time % Phy DF OF 
 1 Ben Hutton               Brandon Carlo            60     1   2  2  
 2 Darren Dietz             Dalton Thrower           40     1   2  2  

4 vs 4 Forward 
   Center                   Wing                     Time % Phy DF OF 
 1 Anton Lander             Logan Shaw               60     1   2  2  
 2 Maxime Macenauer         Sven Baertschi           40     1   2  2  

4 vs 4 Defense
   Defense                  Defense                  Time % Phy DF OF 
 1 Ben Hutton               Brandon Carlo            60     1   2  2  
 2 Darren Dietz             Dalton Thrower           40     1   2  2  

Last Minutes Offensive
   Center                   Left Wing                Right Wing               Defense                  Defense                  
   Anton Lander             Sven Baertschi           Logan Shaw               Ben Hutton               Brandon Carlo            

Last Minutes Defensive
   Center                   Left Wing                Right Wing               Defense                  Defense                  
   Anton Lander             Sven Baertschi           Logan Shaw               Ben Hutton               Brandon Carlo            

Goaltenders
Starting : Calvin Pickard           
Backup : Juuse Saros              

Extra Forwards
Normal : Robby Fabbri, Valeri Nichushkin, Reid Boucher - PP : Robby Fabbri, Valeri Nichushkin - PK : Reid Boucher
Extra Defensemen
Normal : Ilya Lyubushkin, Brandon Carlo, Christian Wolanin - PP : Ilya Lyubushkin - PK : Ben Hutton, Christian Wolanin
Penalty Shots
Anton Lander, Logan Shaw, Maxime Macenauer, Sven Baertschi, Joonas Donskoi

Scratches
Cristiano Digiacinto (Healthy)

% Time on Ice - Wolfes

Lines # - Real PCT - Wanted PCT - Time Play
Normal Forward
1 - 33% - 40% - 14:07
2 - 24% - 30% - 10:16
3 - 24% - 20% - 10:23
4 - 19% - 10% - 8:00
Normal Defense
1 - 37% - 40% - 15:54
2 - 30% - 30% - 12:53
3 - 25% - 20% - 10:45
4 - 8% - 10% - 3:14
PP Forward
1 - 57% - 60% - 6:16
2 - 43% - 40% - 4:49
PP Defense
1 - 62% - 60% - 6:52
2 - 38% - 40% - 4:13
PK Forward
1 - 74% - 60% - 4:34
2 - 26% - 40% - 1:35
PK Defense
1 - 62% - 60% - 3:50
2 - 38% - 40% - 2:19
PK3 Forward
1 - 0% - 60%
2 - 0% - 40%
PK3 Defense
1 - 0% - 60%
2 - 0% - 40%
44 Forward
1 - 0% - 60%
2 - 0% - 40%
44 Defense
1 - 0% - 60%
2 - 0% - 40%
Last Minute Offensive  - 0:00
Last Minute Defensive  - 0:00
Total
Forward - 60:00
Defense - 60:00

% Time on Ice - Mulligans

Lines # - Real PCT - Wanted PCT - Time Play
Normal Forward
1 - 33% - 40% - 14:12
2 - 27% - 30% - 11:23
3 - 20% - 20% - 8:23
4 - 21% - 10% - 8:48
Normal Defense
1 - 36% - 40% - 15:34
2 - 34% - 30% - 14:28
3 - 22% - 20% - 9:33
4 - 7% - 10% - 3:11
PP Forward
1 - 57% - 60% - 3:29
2 - 43% - 40% - 2:40
PP Defense
1 - 63% - 60% - 3:53
2 - 37% - 40% - 2:16
PK Forward
1 - 76% - 60% - 8:24
2 - 24% - 40% - 2:41
PK Defense
1 - 56% - 60% - 6:10
2 - 44% - 40% - 4:55
PK3 Forward
1 - 0% - 60%
2 - 0% - 40%
PK3 Defense
1 - 0% - 60%
2 - 0% - 40%
44 Forward
1 - 0% - 60%
2 - 0% - 40%
44 Defense
1 - 0% - 60%
2 - 0% - 40%
Last Minute Offensive  - 0:00
Last Minute Defensive  - 0:00
Total
Forward - 60:00
Defense - 60:00

Play-by-Play

1st period


0:01 of 1st period - Martin Hanzal wins face-off versus Anton Lander in neutral zone.
0:51 of 1st period - Wrist shot by Robby Fabbri.
0:51 of 1st period - Stopped by Laurent Brossoit with a rebound.
1:16 of 1st period - Snap shot by Joe Morrow.
1:16 of 1st period - Stopped by Calvin Pickard with a rebound.
2:05 of 1st period - Icing by Ilya Lyubushkin.
2:06 of 1st period - Jonny Brodzinski wins face-off versus Sebastian Aho in Mulligans zone.
2:16 of 1st period - Benn Ferriero is hit by Ilya Lyubushkin and loses puck.
2:27 of 1st period - Minor Penalty to Nolan Vesey for Interference.
2:28 of 1st period - Anton Lander wins face-off versus Martin Hanzal in Wolfes zone.
2:39 of 1st period - Snap shot by Logan Shaw.
2:39 of 1st period - Goal by Logan Shaw - Wolfes : 0 - Mulligans : 1.
2:40 of 1st period - Martin Hanzal wins face-off versus Sven Baertschi in neutral zone.
2:42 of 1st period - Off-side.
2:43 of 1st period - Anton Lander wins face-off versus Martin Hanzal in neutral zone.
3:32 of 1st period - Wrist shot by Maxime Macenauer.
3:32 of 1st period - Goal by Maxime Macenauer - Wolfes : 0 - Mulligans : 2.
3:33 of 1st period - Martin Hanzal wins face-off versus Robby Fabbri in neutral zone.
3:40 of 1st period - Slapshot by Martin Hanzal.
3:40 of 1st period - Stopped by Calvin Pickard without a rebound.
3:41 of 1st period - Robby Fabbri wins face-off versus Martin Hanzal in Mulligans zone.
3:54 of 1st period - Snap shot by Alexandre Grenier.
3:54 of 1st period - Stopped by Calvin Pickard without a rebound.
3:55 of 1st period - Max Friberg wins face-off versus Maxime Macenauer in Mulligans zone.
4:00 of 1st period - Slapshot by Max Friberg.
4:00 of 1st period - Shot Blocked by Ben Hutton.
4:02 of 1st period - Slapshot by Jeffrey Foss.
4:02 of 1st period - Stopped by Calvin Pickard with a rebound.
4:04 of 1st period - Backhand shot by Max Friberg.
4:04 of 1st period - Shot Misses the Net.
4:06 of 1st period - Snap shot by Lawson Crouse.
4:06 of 1st period - Shot Hit the Post.
4:27 of 1st period - Blake Pietila is hit by Logan Shaw and loses puck.
6:07 of 1st period - Snap shot by Martin Hanzal.
6:07 of 1st period - Shot Hit the Post.
7:20 of 1st period - Darren Dietz is hit by Lawson Crouse.
7:26 of 1st period - Benn Ferriero is hit by Christian Wolanin and loses puck.
7:53 of 1st period - Snap shot by Blake Pietila.
7:53 of 1st period - Goal by Blake Pietila - Wolfes : 1 - Mulligans : 2.
7:54 of 1st period - Anton Lander wins face-off versus Martin Hanzal in neutral zone.
7:59 of 1st period - Wrist shot by Sven Baertschi.
7:59 of 1st period - Shot Misses the Net.
8:07 of 1st period - Snap shot by Logan Shaw.
8:07 of 1st period - Shot Misses the Net.
8:09 of 1st period - Snap shot by Logan Shaw.
8:09 of 1st period - Stopped by Laurent Brossoit without a rebound.
8:10 of 1st period - Kyle Rau wins face-off versus Maxime Macenauer in Wolfes zone.
8:10 of 1st period - Kyle Rau is hit by Ben Hutton.
8:16 of 1st period - Sam Bennett is hit by Lawson Crouse and loses puck.
8:22 of 1st period - Minor Penalty to Jamie Oleksiak for Cross-checking.
8:23 of 1st period - Anton Lander wins face-off versus Martin Hanzal in Wolfes zone.
8:24 of 1st period - Wrist shot by Logan Shaw.
8:24 of 1st period - Shot Blocked by Martin Hanzal.
8:26 of 1st period - Backhand shot by Brandon Carlo.
8:26 of 1st period - Stopped by Laurent Brossoit with a rebound.
8:28 of 1st period - Snap shot by Anton Lander.
8:28 of 1st period - Stopped by Laurent Brossoit with a rebound.
8:30 of 1st period - Slapshot by Logan Shaw.
8:30 of 1st period - Shot Misses the Net.
8:32 of 1st period - Wrist shot by Sven Baertschi.
8:32 of 1st period - Stopped by Laurent Brossoit with a rebound.
8:34 of 1st period - Snap shot by Logan Shaw.
8:34 of 1st period - Stopped by Laurent Brossoit without a rebound.
8:35 of 1st period - Martin Hanzal wins face-off versus Anton Lander in Wolfes zone.
10:22 of 1st period - Penalty to Jamie Oleksiak is over, Jamie Oleksiak is back on ice.
10:37 of 1st period - Major Penalty to Conor Garland for Boarding.
10:38 of 1st period - Kyle Rau wins face-off versus Anton Lander in Mulligans zone.
10:48 of 1st period - Snap shot by Max Friberg.
10:48 of 1st period - Goal by Max Friberg - Wolfes : 2 - Mulligans : 2.
10:49 of 1st period - Martin Hanzal wins face-off versus Anton Lander in neutral zone.
10:54 of 1st period - Brandon Carlo is hit by Damon Severson and loses puck.
11:15 of 1st period - Logan Shaw is hit by Jamie Oleksiak and loses puck.
11:20 of 1st period - Slapshot by Max Friberg.
11:20 of 1st period - Stopped by Calvin Pickard with a rebound.
11:22 of 1st period - Wrist shot by Max Friberg.
11:22 of 1st period - Shot Blocked by Brandon Carlo.
11:24 of 1st period - Backhand shot by Kyle Rau.
11:24 of 1st period - Shot Misses the Net.
11:26 of 1st period - Snap shot by Kyle Rau.
11:26 of 1st period - Goal by Kyle Rau - Wolfes : 3 - Mulligans : 2.
11:27 of 1st period - Martin Hanzal wins face-off versus Anton Lander in neutral zone.
11:30 of 1st period - Anton Lander is hit by Martin Hanzal and loses puck.
12:03 of 1st period - Snap shot by Kyle Rau.
12:03 of 1st period - Stopped by Calvin Pickard with a rebound.
13:50 of 1st period - Dalton Thrower is hit by Jamie Oleksiak.
15:37 of 1st period - Penalty to Conor Garland is over, Conor Garland is back on ice.
16:07 of 1st period - Slapshot by Conor Garland.
16:07 of 1st period - Shot Blocked by Thomas Spelling.
16:17 of 1st period - Wrist shot by Reid Boucher.
16:17 of 1st period - Goal by Reid Boucher - Wolfes : 3 - Mulligans : 3.
16:18 of 1st period - Martin Hanzal wins face-off versus Maxime Macenauer in neutral zone.
16:35 of 1st period - Snap shot by Alexandre Grenier.
16:35 of 1st period - Shot Misses the Net.
17:11 of 1st period - Anton Lander is hit by Nolan Vesey and loses puck.
17:18 of 1st period - Jeffrey Foss is hit by Logan Shaw and loses puck.
18:11 of 1st period - Ben Hutton is hit by Lawson Crouse and loses puck.
18:22 of 1st period - Wrist shot by Anton Lander.
18:22 of 1st period - Shot Misses the Net.
18:42 of 1st period - Snap shot by Martin Hanzal.
18:42 of 1st period - Goal by Martin Hanzal - Wolfes : 4 - Mulligans : 3.
18:43 of 1st period - Martin Hanzal wins face-off versus Anton Lander in neutral zone.
18:48 of 1st period - Snap shot by Alexandre Grenier.
18:48 of 1st period - Deflect By Blake Pietila.
18:48 of 1st period - Stopped by Calvin Pickard with a rebound.
19:08 of 1st period - Damon Severson is hit by Valeri Nichushkin and loses puck.
19:53 of 1st period - Snap shot by Logan Shaw.
19:53 of 1st period - Stopped by Laurent Brossoit without a rebound.
19:54 of 1st period - Maxime Macenauer wins face-off versus Martin Hanzal in Wolfes zone.
19:55 of 1st period - Slapshot by Valeri Nichushkin.
19:55 of 1st period - Shot Misses the Net.
Goals for this period are 4 for Wolfes vs 3 for Mulligans.
Shots for this period are 11 for Wolfes vs 10 for Mulligans.

2nd period


0:01 of 2nd period - Anton Lander wins face-off versus Martin Hanzal in neutral zone.
0:29 of 2nd period - Snap shot by Sven Baertschi.
0:29 of 2nd period - Stopped by Laurent Brossoit without a rebound.
0:30 of 2nd period - Kyle Rau wins face-off versus Maxime Macenauer in Wolfes zone.
1:23 of 2nd period - Snap shot by Logan Shaw.
1:23 of 2nd period - Shot Misses the Net.
1:35 of 2nd period - Slapshot by Damon Severson.
1:35 of 2nd period - Stopped by Calvin Pickard with a rebound.
1:37 of 2nd period - Slapshot by Damon Severson.
1:37 of 2nd period - Stopped by Calvin Pickard with a rebound.
1:39 of 2nd period - Slapshot by Damon Severson.
1:39 of 2nd period - Goal by Damon Severson - Wolfes : 5 - Mulligans : 3.
1:39 of 2nd period - Juuse Saros enters game.
1:40 of 2nd period - Anton Lander wins face-off versus Martin Hanzal in neutral zone.
1:47 of 2nd period - Snap shot by Logan Shaw.
1:47 of 2nd period - Stopped by Laurent Brossoit with a rebound.
2:05 of 2nd period - Jamie Oleksiak is hit by Robby Fabbri and loses puck.
2:14 of 2nd period - Snap shot by Max Friberg.
2:14 of 2nd period - Stopped by Juuse Saros without a rebound.
2:15 of 2nd period - Anton Lander wins face-off versus Kyle Rau in Mulligans zone.
2:24 of 2nd period - Snap shot by Kyle Rau.
2:24 of 2nd period - Goal by Kyle Rau - Wolfes : 6 - Mulligans : 3.
2:25 of 2nd period - Sven Baertschi wins face-off versus Martin Hanzal in neutral zone.
2:51 of 2nd period - Maxime Macenauer is hit by Kyle Rau and loses puck.
3:20 of 2nd period - Joe Morrow is hit by Joonas Donskoi and loses puck.
3:31 of 2nd period - Brett Seney is hit by Eric Robinson.
3:55 of 2nd period - Wrist shot by Martin Hanzal.
3:55 of 2nd period - Goal by Martin Hanzal - Wolfes : 7 - Mulligans : 3.
3:56 of 2nd period - Anton Lander wins face-off versus Martin Hanzal in neutral zone.
4:19 of 2nd period - Icing by Jamie Oleksiak.
4:20 of 2nd period - Martin Hanzal wins face-off versus Maxime Macenauer in Wolfes zone.
5:08 of 2nd period - Slapshot by Anton Lander.
5:08 of 2nd period - Stopped by Laurent Brossoit with a rebound.
5:10 of 2nd period - Wrist shot by Reid Boucher.
5:10 of 2nd period - Shot Blocked by Joe Morrow.
5:12 of 2nd period - Snap shot by Reid Boucher.
5:12 of 2nd period - Stopped by Laurent Brossoit without a rebound.
5:13 of 2nd period - Kyle Rau wins face-off versus Maxime Macenauer in Wolfes zone.
5:15 of 2nd period - Minor Penalty to Lawson Crouse for Hooking.
5:16 of 2nd period - Martin Hanzal wins face-off versus Sven Baertschi in Wolfes zone.
7:15 of 2nd period - Penalty to Lawson Crouse is over, Lawson Crouse is back on ice.
7:26 of 2nd period - Snap shot by Martin Hanzal.
7:26 of 2nd period - Shot Hit the Post.
7:53 of 2nd period - Wrist shot by Martin Hanzal.
7:53 of 2nd period - Stopped by Juuse Saros without a rebound.
7:54 of 2nd period - Robby Fabbri wins face-off versus Sebastian Aho in Mulligans zone.
8:05 of 2nd period - Slapshot by Robby Fabbri.
8:05 of 2nd period - Shot Misses the Net.
8:43 of 2nd period - Snap shot by Thomas Spelling.
8:43 of 2nd period - Stopped by Juuse Saros without a rebound.
8:44 of 2nd period - Kyle Rau wins face-off versus Anton Lander in Mulligans zone.
9:15 of 2nd period - Thomas Spelling is hit by Maxime Macenauer and loses puck.
9:28 of 2nd period - Valeri Nichushkin is hit by Matthew Highmore and loses puck.
9:59 of 2nd period - Backhand shot by Maxime Macenauer.
9:59 of 2nd period - Stopped by Laurent Brossoit without a rebound.
10:00 of 2nd period - Martin Hanzal wins face-off versus Anton Lander in Wolfes zone.
10:00 of 2nd period - Martin Hanzal is hit by Anton Lander.
10:09 of 2nd period - Minor Penalty to Dalton Thrower for Roughing.
10:10 of 2nd period - Alexandre Grenier wins face-off versus Anton Lander in Mulligans zone.
10:49 of 2nd period - Wrist shot by Maxime Macenauer.
10:49 of 2nd period - Shot Misses the Net.
12:09 of 2nd period - Penalty to Dalton Thrower is over, Dalton Thrower is back on ice.
13:15 of 2nd period - Benn Ferriero is hit by Logan Shaw and loses puck.
13:28 of 2nd period - Snap shot by Thomas Spelling.
13:28 of 2nd period - Shot Blocked by Logan Shaw.
13:37 of 2nd period - Icing by Logan Shaw.
13:38 of 2nd period - Joonas Donskoi wins face-off versus Alexandre Grenier in Mulligans zone.
14:11 of 2nd period - Snap shot by Damon Severson.
14:11 of 2nd period - Stopped by Juuse Saros with a rebound.
14:13 of 2nd period - Slapshot by Jamie Oleksiak.
14:13 of 2nd period - Stopped by Juuse Saros with a rebound.
14:15 of 2nd period - Slapshot by Jamie Oleksiak.
14:15 of 2nd period - Stopped by Juuse Saros with a rebound.
14:27 of 2nd period - Slapshot by Michael Stone.
14:27 of 2nd period - Stopped by Juuse Saros with a rebound.
14:29 of 2nd period - Wrist shot by Eric Robinson.
14:29 of 2nd period - Stopped by Juuse Saros without a rebound.
14:30 of 2nd period - Logan Shaw wins face-off versus Matthew Highmore in Mulligans zone.
14:32 of 2nd period - Minor Penalty to Robbie Russo for Charging.
14:33 of 2nd period - Martin Hanzal wins face-off versus Anton Lander in Mulligans zone.
14:37 of 2nd period - Snap shot by Blake Pietila.
14:37 of 2nd period - Shot Misses the Net.
14:39 of 2nd period - Slapshot by Jamie Oleksiak.
14:39 of 2nd period - Shot Blocked by Ben Hutton.
14:41 of 2nd period - Snap shot by Blake Pietila.
14:41 of 2nd period - Goal by Blake Pietila - Wolfes : 8 - Mulligans : 3.
14:42 of 2nd period - Martin Hanzal wins face-off versus Anton Lander in neutral zone.
14:55 of 2nd period - Wrist shot by Martin Hanzal.
14:55 of 2nd period - Stopped by Juuse Saros without a rebound.
14:56 of 2nd period - Anton Lander wins face-off versus Blake Pietila in Mulligans zone.
14:58 of 2nd period - Minor Penalty to Logan Shaw for Holding.
14:59 of 2nd period - Martin Hanzal wins face-off versus Anton Lander in Mulligans zone.
15:21 of 2nd period - Reid Boucher is hit by Martin Hanzal and loses puck.
16:48 of 2nd period - Dalton Thrower is hit by Alexandre Grenier and loses puck.
16:58 of 2nd period - Penalty to Logan Shaw is over, Logan Shaw is back on ice.
17:45 of 2nd period - Snap shot by Thomas Spelling.
17:45 of 2nd period - Stopped by Juuse Saros with a rebound.
17:59 of 2nd period - Slapshot by Ben Hutton.
17:59 of 2nd period - Shot Blocked by Anton Lindholm.
Goals for this period are 4 for Wolfes vs 0 for Mulligans.
Shots for this period are 16 for Wolfes vs 5 for Mulligans.

3rd period


0:01 of 3rd period - Blake Pietila wins face-off versus Anton Lander in neutral zone.
0:06 of 3rd period - Wrist shot by Blake Pietila.
0:06 of 3rd period - Stopped by Juuse Saros with a rebound.
0:07 of 3rd period - Minor Penalty to Jamie Oleksiak for Roughing.
0:08 of 3rd period - Anton Lander wins face-off versus Martin Hanzal in Wolfes zone.
0:27 of 3rd period - Martin Hanzal is hit by Logan Shaw and loses puck.
2:07 of 3rd period - Penalty to Jamie Oleksiak is over, Jamie Oleksiak is back on ice.
3:12 of 3rd period - Wrist shot by Blake Pietila.
3:12 of 3rd period - Stopped by Juuse Saros with a rebound.
3:29 of 3rd period - Minor Penalty to Joonas Donskoi for Holding.
3:30 of 3rd period - Anton Lander wins face-off versus Martin Hanzal in Mulligans zone.
4:15 of 3rd period - Maxime Macenauer is hit by Alexandre Grenier and loses puck.
5:29 of 3rd period - Penalty to Joonas Donskoi is over, Joonas Donskoi is back on ice.
6:36 of 3rd period - Valeri Nichushkin is hit by Lawson Crouse and loses puck.
7:02 of 3rd period - Martin Hanzal is hit by Joonas Donskoi and loses puck.
7:19 of 3rd period - Snap shot by Anton Lander.
7:19 of 3rd period - Shot Blocked by Matthew Highmore.
8:50 of 3rd period - Slapshot by Max Friberg.
8:50 of 3rd period - Shot Blocked by Joonas Donskoi.
9:01 of 3rd period - Kyle Rau is hit by Reid Boucher and loses puck.
9:14 of 3rd period - Slapshot by Dalton Thrower.
9:14 of 3rd period - Deflect By Michael Stone.
9:14 of 3rd period - Stopped by Laurent Brossoit with a rebound.
9:22 of 3rd period - Wrist shot by Blake Pietila.
9:22 of 3rd period - Shot Blocked by Christian Wolanin.
9:24 of 3rd period - Snap shot by Blake Pietila.
9:24 of 3rd period - Goal by Blake Pietila - Wolfes : 9 - Mulligans : 3.
9:24 of 3rd period - Calvin Pickard enters game.
9:25 of 3rd period - Anton Lander wins face-off versus Alexandre Grenier in neutral zone.
9:34 of 3rd period - Snap shot by Anton Lander.
9:34 of 3rd period - Stopped by Laurent Brossoit without a rebound.
9:35 of 3rd period - Anton Lander wins face-off versus Martin Hanzal in Wolfes zone.
9:36 of 3rd period - Snap shot by Sven Baertschi.
9:36 of 3rd period - Stopped by Laurent Brossoit with a rebound.
9:38 of 3rd period - Slapshot by Anton Lander.
9:38 of 3rd period - Stopped by Laurent Brossoit without a rebound.
9:39 of 3rd period - Blake Pietila wins face-off versus Anton Lander in Wolfes zone.
9:39 of 3rd period - Blake Pietila is hit by Logan Shaw.
9:45 of 3rd period - Ben Hutton is hit by Martin Hanzal.
9:49 of 3rd period - Logan Shaw is hit by Damon Severson and loses puck.
10:16 of 3rd period - Max Friberg is hit by Valeri Nichushkin and loses puck.
10:48 of 3rd period - Dalton Thrower is hit by Alexandre Grenier and loses puck.
11:09 of 3rd period - Snap shot by Joe Morrow.
11:09 of 3rd period - Shot Misses the Net.
11:11 of 3rd period - Wrist shot by Matthew Highmore.
11:11 of 3rd period - Stopped by Calvin Pickard without a rebound.
11:12 of 3rd period - Anton Lander wins face-off versus Kyle Rau in Mulligans zone.
11:37 of 3rd period - Wrist shot by Sebastian Aho.
11:37 of 3rd period - Shot Misses the Net.
11:43 of 3rd period - Snap shot by Sebastian Aho.
11:43 of 3rd period - Stopped by Calvin Pickard without a rebound.
11:44 of 3rd period - Maxime Macenauer wins face-off versus Sebastian Aho in Mulligans zone.
11:49 of 3rd period - Jamie Oleksiak is hit by Sam Bennett and loses puck.
12:36 of 3rd period - Ben Hutton is hit by Max Friberg and loses puck.
13:13 of 3rd period - Benn Ferriero is hit by Dalton Thrower and loses puck.
13:48 of 3rd period - Robby Fabbri is hit by Max Friberg and loses puck.
14:23 of 3rd period - Snap shot by Brett Seney.
14:23 of 3rd period - Stopped by Laurent Brossoit with a rebound.
15:05 of 3rd period - Valeri Nichushkin is hit by Alexandre Grenier and loses puck.
15:16 of 3rd period - Slapshot by Ilya Lyubushkin.
15:16 of 3rd period - Stopped by Laurent Brossoit with a rebound.
15:18 of 3rd period - Slapshot by Sam Bennett.
15:18 of 3rd period - Stopped by Laurent Brossoit without a rebound.
15:19 of 3rd period - Anton Lander wins face-off versus Kyle Rau in Wolfes zone.
15:20 of 3rd period - Snap shot by Logan Shaw.
15:20 of 3rd period - Stopped by Laurent Brossoit with a rebound.
15:46 of 3rd period - Snap shot by Sebastian Aho.
15:46 of 3rd period - Stopped by Calvin Pickard with a rebound.
16:00 of 3rd period - Slapshot by Joonas Donskoi.
16:00 of 3rd period - Shot Misses the Net.
16:30 of 3rd period - Alexandre Grenier is hit by Dalton Thrower and loses puck.
16:49 of 3rd period - Slapshot by Anton Lander.
16:49 of 3rd period - Stopped by Laurent Brossoit without a rebound.
16:50 of 3rd period - Sven Baertschi wins face-off versus Kyle Rau in Wolfes zone.
16:53 of 3rd period - Snap shot by Logan Shaw.
16:53 of 3rd period - Deflect By Sven Baertschi.
16:53 of 3rd period - Shot Misses the Net.
16:53 of 3rd period - Puck is out of play.
16:54 of 3rd period - Anton Lander wins face-off versus Kyle Rau in Wolfes zone.
17:03 of 3rd period - Ben Hutton is hit by Kyle Rau and loses puck.
17:16 of 3rd period - Backhand shot by Logan Shaw.
17:16 of 3rd period - Stopped by Laurent Brossoit with a rebound.
17:46 of 3rd period - Snap shot by Alexandre Grenier.
17:46 of 3rd period - Stopped by Calvin Pickard with a rebound.
17:50 of 3rd period - Slapshot by Alexandre Grenier.
17:50 of 3rd period - Stopped by Calvin Pickard without a rebound.
17:51 of 3rd period - Robby Fabbri wins face-off versus Max Friberg in Mulligans zone.
17:57 of 3rd period - Off-side.
17:58 of 3rd period - Kyle Rau wins face-off versus Robby Fabbri in neutral zone.
18:25 of 3rd period - Slapshot by Anton Lander.
18:25 of 3rd period - Shot Misses the Net.
18:27 of 3rd period - Wrist shot by Brandon Carlo.
18:27 of 3rd period - Stopped by Laurent Brossoit with a rebound.
18:29 of 3rd period - Snap shot by Sven Baertschi.
18:29 of 3rd period - Shot Misses the Net.
19:16 of 3rd period - Snap shot by Thomas Spelling.
19:16 of 3rd period - Deflect By Jonny Brodzinski.
19:16 of 3rd period - Stopped by Calvin Pickard with a rebound.
19:18 of 3rd period - Slapshot by Jeffrey Foss.
19:18 of 3rd period - Shot Blocked by Jonny Brodzinski.
19:47 of 3rd period - Snap shot by Darren Dietz.
19:47 of 3rd period - Stopped by Laurent Brossoit with a rebound.
19:49 of 3rd period - Snap shot by Conor Garland.
19:49 of 3rd period - Shot Misses the Net.
19:51 of 3rd period - Snap shot by Darren Dietz.
19:51 of 3rd period - Stopped by Laurent Brossoit without a rebound.
19:52 of 3rd period - Anton Lander wins face-off versus Martin Hanzal in Wolfes zone.
Goals for this period are 1 for Wolfes vs 0 for Mulligans.
Shots for this period are 9 for Wolfes vs 13 for Mulligans.